 Dungeon Crawl Stone Soup version 0.29-a0-194-g6e3aafee17 (webtiles) character file.

Game seed: 12634240293770688786

8392 Hubris850 the Martial Artist (level 11, 0/90 HPs)
             Began as a Merfolk Transmuter on Feb 22, 2022.
             Was an Initiate of Ru.
             Slain by a two-headed ogre
             ... wielding a +0 giant spiked club
              (11 damage)
             ... on level 10 of the Dungeon.
             The game lasted 00:34:46 (11955 turns).

Hubris850 the Martial Artist (Merfolk Transmuter)  Turns: 11955, Time: 00:34:46

Health: 0/90       AC: 16    Str: 12    XL:     11   Next: 30%
Magic:  8/17       EV: 14    Int: 22    God:    Ru [......]
Gold:   594        SH:  0    Dex: 14    Spells: 4/18 levels left

rFire   . . .      SeeInvis .     - Unarmed
rCold   + + +      Faith    +   (shield currently unavailable)
rNeg    . . .      Spirit   .   (body armour currently unavailable)
rPois   +          Reflect  .   (helmet currently unavailable)
rElec   .          Harm     .   (cloak currently unavailable)
rCorr   .          Rampage  .   (gloves currently unavailable)
Will    .....                   (boots currently unavailable)
Stlth   ++........              f - amulet of faith
HPRegen 0.25/turn               n - +6 ring of intelligence
MPRegen 0.15/turn               r - ring of protection from fire

@: ice-armoured, ice-form, fire susceptible
A: freezing attack, boosted hp, large, (nimble swimmer 2), (mertail)
a: End Transformation, Renounce Religion


You were on level 10 of the Dungeon.
You worshipped Ru.
Ru was noncommittal.
You were a creature of crystalline ice.
You visited 2 branches of the dungeon, and saw 12 of its levels.
You also visited: Ossuary.

You collected 594 gold pieces.

Inventory:

Hand Weapons
 k - a +0 hand axe of venom
 o - a +3 quarterstaff of chaos
 u - a +1 short sword of venom
 H - a +0 fustibalus
 P - a +3 great sword of freezing
 Q - a +5 long sword
Missiles
 G - 5 javelins
 I - 4 curare-tipped darts
 K - 6 boomerangs
 N - a throwing net
 R - 12 poisoned darts
Armour
 a - a +0 robe (melded)
 c - a +0 cloak (melded)
 d - a +0 leather armour
 p - a +0 cloak
 B - a +1 helmet (melded)
 M - a +0 pair of boots (melded)
Magical Staves
 S - a staff of conjuration
Jewellery
 f - an amulet of faith (around neck)
 n - a +6 ring of intelligence (left front paw)
 r - a ring of protection from fire (right front paw)
 w - a ring of see invisible
 C - an amulet of the acrobat
 J - a ring of protection from cold
 T - an amulet of regeneration
Wands
 z - a wand of paralysis (4)
 F - a wand of iceblast (12)
 U - a wand of acid (5)
Scrolls
 b - a scroll of silence
 i - 2 scrolls of enchant weapon
 l - a scroll of teleportation
 q - 5 scrolls of amnesia
 s - a scroll of fear
 v - a scroll of fog
 x - 3 scrolls of enchant armour
 y - a scroll of immolation
 V - a scroll of identify
Potions
 e - a potion of magic
 g - 3 potions of heal wounds
 h - a potion of flight
 j - 2 potions of might
 m - 3 potions of attraction
 t - a potion of degeneration
 A - 2 potions of mutation
 D - 4 potions of curing
 E - a potion of lignification
 L - a potion of resistance
 O - a potion of brilliance


   Skills:
 - Level 3.0 Fighting
 - Level 10.6 Dodging
 + Level 2.2 Stealth
 - Level 12.5 Unarmed Combat
 + Level 4.4 Spellcasting
 + Level 1.4 Conjurations
 + Level 8.5 Transmutations
 + Level 5.6 Ice Magic
 + Level 1.5 Earth Magic
 - Level 2.0 Poison Magic


You had 4 spell levels left.
You knew the following spells:

 Your Spells              Type           Power      Damage    Failure   Level
a - Ozocubu's Armour      Ice            29%        N/A       3%          3
b - Spider Form           Tmut/Pois      28%        N/A       3%          3
c - Ice Form              Ice/Tmut       36%        N/A       6%          4
d - Petrify               Tmut/Erth      27%        N/A       14%         4

Your spell library contained the following spells:

 Spells                   Type           Power      Damage    Failure   Level
 Beastly Appendage        Tmut           84%        N/A       1%          1
 Wereblood                Tmut           42%        N/A       1%          2
 Sandblast                Erth           22%        2d7       5%          1
 Pain                     Necr           16%        1d4       11%         1
 Sublimation of Blood     Necr           4%         N/A       16%         2
 Hailstorm                Conj/Ice       20%        3d6       26%         4
 Irradiate                Conj/Tmut      13%        3d18      36%         5
 Metabolic Englaciation   Hex/Ice        8%         N/A       67%         5
 Lee's Rapid Deconstruct  Erth           5%         3d7*      83%         5
 Agony                    Necr           4%         N/A       96%         5
 Excruciating Wounds      Necr           2%         N/A       96%         5
 Simulacrum               Ice/Necr       8%         N/A       99%         6
 Conjure Ball Lightning   Conj/Air       4%         3x3d6     100%        6
 Discord                  Hex            2%         N/A       100%        8
 Disjunction              Tloc           2%         N/A       100%        8
 Lehudib's Crystal Spear  Conj/Erth      5%         10d3      100%        8


Dungeon Overview and Level Annotations

Branches:
Dungeon (11/15)            Temple (1/1) D:6         Ossuary (visited)
   Lair: D:8-11         Orc: D:9-12

Altars:
Hepliaklqana
Okawaru
Qazlal
Ru
Trog
Uskayaw
Vehumet
Xom
Ignis

Annotations:
D:3 3 runed translucent doors, dr0g0th's ghost, amateur GrFi
D:9 2 transporters, tatocazan's ghost, novice FoFi


Innate Abilities, Weirdness & Mutations

You are a creature of crystalline ice.
You have a powerful freezing melee attack.
Your maximum health is increased.
Your armour is entirely melded.
You are incapable of wielding weapons or throwing items.
((You are very nimble when in or above water. (Stealth+, EV+, Speed+++)))
((Your lower body shifts to a powerful aquatic tail in water.))


Message History

The heat melts your icy armour.
You punch the vampire! You freeze the vampire.
The vampire is severely damaged.
You barely miss the vampire.
The vampire is severely damaged.
The vampire misses you. The vampire barely misses you.
You hit the vampire but do no damage.
The vampire is severely damaged.
The vampire hits you but does no damage.
The vampire bites you but does no damage.
You pummel the vampire!! You freeze the vampire.
You destroy the vampire!
Casting: Ozocubu's Armour (mildly dangerous; 3% risk of failure)
Confirm with . or Enter, or press ? or * to list all spells.
Aiming: Petrify (dangerous; 14% risk of failure)
Press: ? - help, Shift-Dir - straight line, f - two-headed ogre
Aim: a two-headed ogre, wielding a +0 giant spiked club and a +0 giant club (chance to affect: 40%)
The two-headed ogre resists with some effort.
You punch the two-headed ogre! You freeze the two-headed ogre.
The two-headed ogre is moderately wounded.
The two-headed ogre hits you with a +0 giant spiked club!
The two-headed ogre completely misses you.
You barely miss the two-headed ogre.
The two-headed ogre is moderately wounded.
You hit the two-headed ogre. You freeze the two-headed ogre.
The two-headed ogre is moderately wounded.
The two-headed ogre hits you with a +0 giant spiked club!
The two-headed ogre hits you with a +0 giant club!
* * * LOW HITPOINT WARNING * * *
You hit the two-headed ogre but do no damage.
The two-headed ogre is moderately wounded.
The two-headed ogre hits you with a +0 giant spiked club!
* * * LOW HITPOINT WARNING * * *
The two-headed ogre completely misses you.
You punch the two-headed ogre! You freeze the two-headed ogre.
The two-headed ogre is heavily wounded.
You hit the two-headed ogre but do no damage.
The two-headed ogre is heavily wounded.
The two-headed ogre hits you with a +0 giant spiked club!
You die...

#..........#
#..........#
#..........#
#..........#
#..........#
#..........#
#..........#
#..OY......#
#..........#
..............#
###.#########.#
#.# # #.# #.#
#.# #.#


You could see a two-headed ogre.

Vanquished Creatures
  A hydra (D:8)
  2 two-headed ogres
  4 gargoyles (D:8)
  A troll (D:6)
  The ghost of Zeldest the Stinger, a novice VSVM of Cheibriados (D:5)
  Grinder (D:3)
  2 hornets
  A wyvern (D:11)
  A vampire (D:10)
  2 steam dragons
  3 acid dragons
  A water moccasin (D:6)
  A black bear (D:5)
  2 ice beasts
  A necrophage (D:6)
  3 ogres
  3 centaurs
  4 bullfrogs
  A kobold brigand (D:9)
  A gnoll sergeant (D:7)
  5 scorpions
  A wyvern skeleton (D:7)
  11 killer bees (D:9)
  6 wights
  A howler monkey (D:9)
  5 centaur zombies
  A bullfrog zombie (D:3)
  3 human zombies (Ossuary)
  3 orc priests
  Crazy Yiuf (D:2)
  4 hounds
  A bullfrog skeleton (D:5)
  2 centaur skeletons
  Ijyb (D:5)
  4 iguanas (D:6)
  Natasha (thrice) (D:4)
  2 orc wizards
  2 mummies (Ossuary)
  Robin (D:4)
  4 gnolls (D:7)
  8 adders
  A shadow imp (D:6)
  3 white imps
  2 adder skeletons (D:4)
  A worm (D:2)
  2 dart slugs (D:3)
  24 orcs
  5 endoplasms
  4 giant cockroaches
  9 hobgoblins
  4 jackals (D:2)
  A quokka (D:3)
  3 ball pythons
  3 bats
  3 frilled lizards (D:2)
  12 goblins
  3 goblin zombies (Ossuary)
  10 hobgoblin zombies (Ossuary)
  A jackal zombie (Ossuary)
  10 kobolds
  13 kobold zombies (Ossuary)
  6 orc zombies (Ossuary)
  3 rats
228 creatures vanquished.

Vanquished Creatures (others)
  An orc wizard (D:6)
  61 foxfires (D:3)
  A fungus (D:2)
63 creatures vanquished.

Grand Total: 291 creatures vanquished

Notes
Turn   | Place    | Note
-------+----------+-------------------------------------------
     0 | D:1      | Hubris850 the Merfolk Transmuter began the quest for the
                  | Orb.
     0 | D:1      | Reached XP level 1. HP: 15/15 MP: 3/3
   472 | D:1      | Reached XP level 2. HP: 13/21 MP: 5/5
   592 | D:1      | Found a faded altar of an unknown god.
   607 | D:1      | Prayed at the altar of an unknown god.
   607 | D:1      | Became a worshipper of Ignis, the Dying Flame
  1648 | D:2      | Reached XP level 3. HP: 24/26 MP: 6/6
  1699 | D:2      | Learned a level 3 spell: Spider Form
  2248 | D:2      | Reached skill level 1 in Ice Magic
  2285 | D:2      | Reached skill level 1 in Poison Magic
  2300 | D:2      | Found a runed translucent door.
  2301 | D:2      | Noticed Crazy Yiuf
  2313 | D:2      | Killed Crazy Yiuf
  2314 | D:2      | Reached XP level 4. HP: 12/32 MP: 5/8
  3122 | D:3      | Noticed Grinder
  3126 | D:3      | Killed Grinder
  3127 | D:3      | Reached skill level 5 in Transmutations
  3127 | D:3      | Reached XP level 5. HP: 37/37 MP: 8/10
  3127 | D:3      | Reached XP level 6. HP: 43/43 MP: 8/11
  3132 | D:3      | Learned a level 4 spell: Ice Form
  3161 | D:3      | Found a runed translucent gate.
  3161 | D:3      | Found a runed translucent gate.
  3161 | D:3      | Found a runed translucent gate.
  3163 | D:3      | Noticed dr0g0th's ghost (amateur GrFi)
  4463 | D:3      | Reached XP level 7. HP: 34/48 MP: 10/13
  4814 | D:4      | Noticed Natasha
  4825 | D:4      | Killed Natasha
  4927 | D:4      | Noticed Robin
  4947 | D:4      | Killed Robin
  5253 | D:4      | Noticed Natasha
  5262 | D:4      | Killed Natasha
  5492 | D:4      | Noticed Natasha
  5501 | D:4      | Killed Natasha
  5502 | D:4      | Reached skill level 5 in Ice Magic
  5705 | D:5      | Entered Level 5 of the Dungeon
  5722 | D:5      | Reached skill level 4 in Unarmed Combat
  5722 | D:5      | Reached XP level 8. HP: 56/56 MP: 11/14
  5760 | D:5      | Found a runed translucent door.
  5760 | D:5      | Noticed Zeldest's ghost (novice VSVM)
  5779 | D:5      | Killed Zeldest's ghost
  5835 | D:5      | Reached skill level 5 in Unarmed Combat
  5955 | D:5      | Found a sand-covered staircase.
  5962 | Ossuary  | Entered an ossuary
  6346 | Ossuary  | Reached skill level 6 in Unarmed Combat
  6543 | D:5      | Noticed Ijyb
  6550 | D:5      | Killed Ijyb
  6551 | D:5      | Reached skill level 5 in Dodging
  6953 | D:6      | Reached XP level 9. HP: 63/63 MP: 11/15
  7052 | D:6      | Noticed a troll
  7053 | D:6      | Found a staircase to the Ecumenical Temple.
  7064 | D:6      | Reached skill level 7 in Unarmed Combat
  7070 | D:6      | Killed a troll
  7317 | D:6      | Reached skill level 8 in Unarmed Combat
  7624 | D:6      | Got Nivaow's Volume of Earth
  7771 | D:6      | Reached skill level 9 in Unarmed Combat
  8009 | D:6      | Found a hazy altar of Hepliaklqana.
  8295 | D:7      | Reached XP level 10. HP: 70/70 MP: 11/16
  8565 | D:7      | Reached skill level 10 in Unarmed Combat
  9560 | D:8      | Noticed a two-headed ogre
  9568 | D:8      | Killed a two-headed ogre
  9569 | D:8      | Reached skill level 11 in Unarmed Combat
  9871 | D:8      | Noticed a four-headed hydra
  9883 | D:8      | Killed a four-headed hydra
 10172 | D:8      | Noticed a gargoyle
 10178 | D:8      | Killed a gargoyle
 10179 | D:8      | Reached skill level 10 in Dodging
 10187 | D:8      | Noticed a gargoyle
 10191 | D:8      | Killed a gargoyle
 10192 | D:8      | Reached skill level 12 in Unarmed Combat
 10199 | D:8      | Noticed a gargoyle
 10203 | D:8      | Killed a gargoyle
 10508 | D:8      | Noticed a gargoyle
 10514 | D:8      | Killed a gargoyle
 10515 | D:8      | Reached XP level 11. HP: 75/75 MP: 14/17
 10522 | D:8      | Learned a level 3 spell: Ozocubu's Armour
 10527 | D:8      | Learned a level 4 spell: Petrify
 10841 | D:9      | Reached skill level 1 in Stealth
 10915 | Temple   | Entered the Ecumenical Temple
 11049 | Temple   | Fell from the grace of Ignis
 11049 | Temple   | Became a worshipper of Ru the Awakened
 11212 | D:9      | Noticed tatocazan's ghost (novice FoFi)
 11322 | D:9      | Found a transporter.
 11328 | D:9      | Found a transporter.
 11335 | D:9      | Reached skill level 1 in Conjurations
 11335 | D:9      | Reached skill level 1 in Earth Magic
 11343 | D:9      | You fall into a shaft and drop 2 floors!
 11349 | D:10     | Entered Level 10 of the Dungeon
 11420 | D:10     | Noticed a two-headed ogre
 11570 | D:11     | Noticed a two-headed ogre
 11578 | D:11     | Killed a two-headed ogre
 11955 | D:10     | Slain by a two-headed ogre

Illustrated notes

Levels and vault maps discovered:
D:1:      lightli_arrival_windingriver, layout_loops_corners,
          basic_ecumenical_altar
D:2:      layout_basic, uniq_crazy_yiuf_cottage
D:3:      layout_rooms, serial_aquarium, aquarium_bridge_square
          [aquarium_subvault_wall, aquarium_subvault_bridge,
          aquarium_subvault_wall, aquarium_subvault_bridge], aquarium_window_2,
          aquarium_window_corridor_3, aquarium_window_1, aquarium_view_2e,
          aquarium_balcony_3b, aquarium_pool_2, gammafunk_ghost_nasty_kobolds,
          uniq_grinder
D:4:      layout_loops_ring, hangedman_decor_opposing,
          chequers_decorated_corner, uniq_robin, uniq_natasha
D:5:      layout_loops_ring, hellmonk_ghost_happy_afterlife,
          lightli_ossuary_entry_decrepit_ruins, st_stairs_14, uniq_ijyb
D:6:      layout_rooms, mainiacjoe_overflow_24_doors,
          minmay_temple_entry_junction_2, minmay_joined_circles
D:7:      layout_loops_ring
D:8:      cheibrodos_statue_roulette, layout_cave_pods, minmay_misc_feat_cross
D:9:      layout_cave_pools, gammafunk_ghost_hive
D:10:     layout_small_grid, erik_lair_orcish_takeover, serial_shops,
          nicolae_shop_competitors_out_of_business, nicolae_water_bricks
D:11:     layout_grid_maze, hiddenorc1_lemuel, lemuel_zombie_altar_kikubaaqudgha
Temple:   mainiacjoe_temple_archimedes_tessellation

Skill      XL: |  1  2  3  4  5  6  7  8  9 10 11 |
---------------+----------------------------------+-----
Transmutations | 3 4 5 6 7 8 |  8.5
Ice Magic      | 1 2 3 5 |  5.6
Poison Magic   | 1 2 |  2.0
Spellcasting   | 3 4 |  4.4
Dodging        | 3 5 8 10 | 10.6
Unarmed Combat | 4 6 9 12 | 12.5
Fighting       | 3 |  3.0
Stealth        | 2 |  2.2
Conjurations   | 1 |  1.4
Earth Magic    | 1 |  1.5

Action                   |  1- 3 |  4- 6 |  7- 9 | 10-12 || total
-------------------------+-------+-------+-------+-------++-------
Melee: Unarmed           |    94 |    49 |   345 |   133 ||   621
       Punch             |     1 |     1 |       |       ||     2
       Hand axe          |    16 |       |       |       ||    16
       Quarterstaff      |       |    38 |       |       ||    38
 Cast: Spider Form       |     1 |     3 |    10 |     2 ||    16
       Beastly Appendage |       |       |     2 |       ||     2
       Ice Form          |       |       |    24 |    21 ||    45
       Ozocubu's Armour  |       |       |       |     3 ||     3
       Petrify           |       |       |       |     1 ||     1
Invok: Foxfire Swarm     |       |     3 |       |       ||     3
       Fiery Armour      |       |       |     1 |     6 ||     7
       Rising Flame      |       |       |       |     1 ||     1
 Abil: End Transformatio |       |       |       |     1 ||     1
  Use: Scroll            |       |       |    11 |     5 ||    16
       Potion            |       |       |     3 |     1 ||     4
 Stab: Invisible         |     1 |       |       |       ||     1
       Sleeping          |       |       |     2 |       ||     2
Armor: Robe              |     3 |       |     4 |     1 ||     8
       Leather armour    |    17 |    20 |     5 |       ||    42
       Skin              |       |       |    83 |    39 ||   122
Dodge: Dodged            |    57 |    63 |   213 |   144 ||   477

Table legend: (Time is in decaauts)
 A = Elapsed time spent in this place.
 B = Non-inter-level travel time spent in this place.
 C = Inter-level travel time spent in this place.
 D = Time resting spent in this place.
 E = Time spent auto-exploring this place.
 F = Levels seen in this place.
 G = Mean time per level.
                   A        B        C        D        E       F      G
               +--------+--------+--------+--------+--------+-----+--------+
         Total |  11884 |  11456 |    428 |   3067 |   6206 |  13 |  914.2 |
       Dungeon |  11254 |  10855 |    399 |   2911 |   6094 |  11 | 1023.1 |
        Temple |    171 |    142 |     29 |      0 |    112 |   1 |  171.0 |
       Ossuary |    457 |    457 |      0 |    156 |      0 |   1 |  457.0 |
               +--------+--------+--------+--------+--------+-----+--------+

Top non-repeatable levels by time:
     D:8: 1676 daAuts
     D:1: 1599 daAuts
     D:2: 1519 daAuts
     D:3: 1414 daAuts
     D:6: 1365 daAuts
     D:4: 1167 daAuts
     D:7: 949 daAuts
     D:5: 763 daAuts
    D:11: 504 daAuts
 Ossuary: 457 daAuts
     D:9: 191 daAuts
  Temple: 171 daAuts
    D:10: 104 daAuts
